 Dungeon Crawl Stone Soup version 0.30-a0-389-g8d7d949f56 (webtiles) character file.

Game seed: 4334212938595732535

89 zupo the Shield-Bearer (level 4, -2/44 HPs)
             Began as a Troll Fighter on Dec 3, 2022.
             Was a Follower of Kikubaaqudgha.
             Slain by Grinder (4 damage)
             ... on level 3 of the Dungeon on Dec 4, 2022.
             The game lasted 00:36:50 (2128 turns).

zupo the Shield-Bearer (Troll Fighter)              Turns: 2128, Time: 00:36:50

Health: -2/44      AC:  4    Str: 25 (26) XL:     4   Next: 31%
Magic:  2/3        EV:  8    Int:  4      God:    Kikubaaqudgha [*.....]
Gold:   130        SH:  7    Dex:  6 (9)  Spells: 1/3 levels left

rFire   . . .      SeeInvis .    a - +0 rapier
rCold   . . .      Faith    .    c - +0 kite shield
rNeg    . . .      Spirit   .    b - +0 robe
rPois   .          Reflect  .    (helmet restricted)
rElec   .          Harm     .    (no cloak)
rCorr   .          Rampage  .    (gloves unavailable)
Will    .....                    (boots unavailable)
Stlth   +.........               (no amulet)
HPRegen 1.07/turn                (no ring)
MPRegen 0.08/turn                (no ring)

@: very slightly contaminated
A: large, unfitting armour, claws 3, regeneration 1, shaggy fur 1, tough skin 1
a: Renounce Religion, Unearth Wretches


You were on level 3 of the Dungeon.
You worshipped Kikubaaqudgha.
Kikubaaqudgha was aware of your devotion.
You visited 1 branch of the dungeon, and saw 3 of its levels.

You collected 130 gold pieces.

Inventory:

Hand Weapons
 a - a +0 rapier (weapon)
 d - a +0 dagger
 f - a +0 spear
 g - a +0 dagger
 i - a +0 short sword
 m - a +0 dagger
 n - a +0 dagger
 o - a +0 club
 p - a +0 dagger
 r - a +0 dagger
 w - a +0 dagger
 x - a +1 whip of pain
 z - a +0 whip
 A - a +0 short sword
Missiles
 h - 35 stones
Armour
 b - a +0 robe (worn)
 c - a +0 kite shield (worn)
 e - a +0 scale mail
 j - a +0 ring mail
 k - a +0 leather armour
 u - a +0 robe
 y - a +0 leather armour
 B - a +0 chain mail
 C - a +0 helmet
Wands
 v - a wand of mindburst (9)
Scrolls
 l - 5 scrolls of identify
 s - a scroll of amnesia {unknown}
 t - a scroll of blinking {unknown}
Potions
 q - a potion of mutation {unknown}
 D - a potion of attraction {unknown}


   Skills:
 + Level 2.7 Fighting
 + Level 2.4 Short Blades
 + Level 2.8 Dodging
 + Level 3.3 Shields
 + Level 0.2 Necromancy
 + Level 0.2 Transmutations


You had one spell level left.
You knew the following spells:

 Your Spells              Type           Power      Damage    Failure   Level
a - Sting                 Tmut/Pois      0%         1d3       78%         1
b - Necrotise             Necr           0%         1d4       77%         1

Your spell library contained the following spells:

 Spells                   Type           Power      Damage    Failure   Level
 Kiss of Death            Conj/Necr      0%         2d5       78%         1
 Sublimation of Blood     Necr           0%         N/A       88%         2
 Poisonous Vapours        Pois/Air       0%         N/A       90%         2
 Vampiric Draining        Necr           0%         2d6       98%         3
 Olgreb's Toxic Radiance  Pois           0%         N/A       100%        4


Dungeon Overview and Level Annotations

Branches:
Dungeon (3/15)

Altars:
Kikubaaqudgha

Annotations:
D:3 Grinder


Innate Abilities, Weirdness & Mutations

You are too large for most types of armour.
You have claws for hands.
Your natural rate of healing is unusually fast.
You are covered in fur. (AC +1)
You have tough skin. (AC +1)


Message History

Grinder gestures at you. You resist with significant effort.
You hit Grinder but do no damage.
Grinder is severely wounded.
You block Grinder's attack.
You hit Grinder.
Grinder is severely wounded.
Grinder gestures at you.
You suddenly lose the ability to move!
Grinder gestures at you.
You barely resist. Grinder gestures at you. Pain shoots through your body!
* * * LOW HITPOINT WARNING * * *
You can move again.
Aiming: Necrotise (safe; 77% risk of failure)
Press: ? - help, Q - select action, (/) - cycle Shift-Dir - straight line, f/p - Grinder
Aim: Grinder (severely wounded, not susceptible)
You miscast Necrotise.
You are very lightly contaminated with residual magic.
Nothing appears to happen.
Grinder gestures at you. Pain shoots through your body!
* * * LOW HITPOINT WARNING * * *
You barely miss Grinder.
Grinder is severely wounded.
Grinder hits you but does no damage.
You hit Grinder.
Grinder is almost dead.
Grinder hits you but does no damage.
You closely miss Grinder.
Grinder is almost dead.
Grinder gestures at you. Pain shoots through your body!
* * * LOW HITPOINT WARNING * * *
You hit Grinder.
Grinder is almost dead.
Grinder hits you.
You die...
Kikubaaqudgha rasps: "You have failed me!
Welcome... death!"

#.....##.###.# #.
######...###.#### ##
#..###......####### #.
#.###........#..... ..
#.##...........#
######.##...........#
#...................#
#..................##
#.........@........#
#........#5.......#########
#.......†#.........†......#
#.......†..........######..
#########>.........# ###
#..........# #..........#
#..........# ##........##


You could see Grinder.

Vanquished Creatures
  An adder (D:2)
  2 worms (D:3)
  3 dart slugs
  An orc (D:3)
  4 ball pythons
  8 endoplasms
  4 giant cockroaches
  7 hobgoblins
  4 jackals (D:1)
  4 quokkas
  4 bats
  2 frilled lizards (D:2)
  8 goblins
  2 kobolds
  6 rats
60 creatures vanquished.

Notes
Turn   | Place    | Note
-------+----------+-------------------------------------------
     0 | D:1      | zupo the Troll Fighter began the quest for the Orb.
     0 | D:1      | Reached XP level 1. HP: 22/22 MP: 0/0
   227 | D:1      | Reached XP level 2. HP: 29/29 MP: 1/1
   234 | D:1      | Reached skill level 3 in Shields
   532 | D:1      | Reached XP level 3. HP: 36/36 MP: 2/2
  1072 | D:2      | Learned a level 1 spell: Sting
  1337 | D:2      | Found a faded altar of an unknown god.
  1418 | D:2      | Prayed at the altar of an unknown god.
  1418 | D:2      | Became a worshipper of Kikubaaqudgha
  1418 | D:2      | Reached * piety under Kikubaaqudgha
  1418 | D:2      | Received a gift from Kikubaaqudgha
  1421 | D:2      | Learned a level 1 spell: Necrotise
  1467 | D:2      | Reached XP level 4. HP: 44/44 MP: 0/3
  2018 | D:3      | Noticed Grinder
  2023 | D:3      | Paralysed by Grinder for 3 turns
  2059 | D:3      | Paralysed by Grinder for 2 turns
  2068 | D:3      | Paralysed by Grinder for 2 turns
  2097 | D:3      | Paralysed by Grinder for 5 turns
  2108 | D:3      | Paralysed by Grinder for 2 turns
  2111 | D:3      | Paralysed by Grinder for 5 turns
  2122 | D:3      | Paralysed by Grinder for 2 turns
  2124 | D:3      | HP: 2/44 [Grinder/nerve-wracking pain (7)]
  2128 | D:3      | Slain by Grinder

Illustrated notes

Levels and vault maps discovered:
D:1:      matt_arrival_diagonals, layout_loops_ring
D:2:      layout_basic, hellmonk_ecumenical_altar_pennies_from_heaven,
          kennysheep_generic_room_4
D:3:      layout_rooms, minmay_rat_hole, uniq_grinder, uniq_natasha,
          uniq_terence

Skill      XL: |  1  2  3 |
---------------+----------+-----
Shields        | 3 |  3.3
Short Blades   | 2 |  2.4
Fighting       | |  2.7
Dodging        | |  2.8
Necromancy     | |  0.2
Transmutations | |  0.2

Action                   |  1- 3 |  4- 6 || total
-------------------------+-------+-------++-------
Melee: Rapier            |   233 |    92 ||   325
       Whip              |       |    12 ||    12
 Cast: Necrotise         |     1 |     3 ||     4
       Sting             |     1 |       ||     1
  Use: Potion            |     3 |       ||     3
       Scroll            |     1 |       ||     1
 Stab: Sleeping          |     1 |       ||     1
Armor: Robe              |    79 |    35 ||   114
Dodge: Dodged            |   107 |    24 ||   131
Block: Kite shield       |    82 |    36 ||   118

Table legend: (Time is in decaauts)
 A = Elapsed time spent in this place.
 B = Non-inter-level travel time spent in this place.
 C = Inter-level travel time spent in this place.
 D = Time resting spent in this place.
 E = Time spent auto-exploring this place.
 F = Levels seen in this place.
 G = Mean time per level.
                   A        B        C        D        E       F      G
               +--------+--------+--------+--------+--------+-----+--------+
         Total |   2208 |   2193 |     15 |      0 |    112 |   3 |  736.0 |
       Dungeon |   2208 |   2193 |     15 |      0 |    112 |   3 |  736.0 |
               +--------+--------+--------+--------+--------+-----+--------+

Top non-repeatable levels by time:
     D:2: 976 daAuts
     D:1: 936 daAuts
     D:3: 295 daAuts
